 Dungeon Crawl Stone Soup version 0.30.1-6-gbe392663c4 (webtiles) character file.

Game seed: 4290415187639293716

117 Ivernyr the Shield-Bearer (level 5, -2/42 HPs)
             Began as a Formicid Fighter on Sept 20, 2023.
             Slain by an ogre
             ... wielding a +0 giant club
              (5 damage)
             ... on level 4 of the Dungeon.
             The game lasted 00:04:16 (2305 turns).

Ivernyr the Shield-Bearer (Formicid Fighter)        Turns: 2305, Time: 00:04:16

Health: -2/42      AC: 10    Str: 22    XL:     5   Next: 22%
Magic:  5/5        EV:  9    Int:  8    God:
Gold:   151        SH:  6    Dex: 19    Spells: 4/4 levels left

rFire   . . .        a - +0 quarterstaff
rCold   . . .        c - +0 buckler
rNeg    . . .        b - +0 scale mail
rPois   .            (helmet unavailable)
rElec   .            v - +0 cloak
rCorr   .            w - +1 pair of gloves
SInv    +            (no boots)
Will    .....        s - amulet of regeneration Stlth
                     u - +6 ring of dexterity
HPRegen 1.07/turn    (no ring)
MPRegen 0.09/turn

%: no passive effects
@: no status effects
A: permanent stasis, dig shafts and tunnels, antennae 3, four strong arms
a: Dig, Shaft Self


You were on level 4 of the Dungeon.
You visited 1 branch of the dungeon, and saw 4 of its levels.

You collected 151 gold pieces.

Inventory:

Hand Weapons
 a - a +0 quarterstaff (weapon)
Armour
 b - a +0 scale mail (worn)
 c - a +0 buckler (worn)
 v - a +0 cloak (worn)
 w - a +1 pair of gloves (worn)
Jewellery
 s - an amulet of regeneration (around neck)
 u - a +6 ring of dexterity (left hand)
Scrolls
 e - 2 scrolls of noise {unknown}
 f - a scroll of blinking {unknown}
 i - 6 scrolls of identify {unknown}
 k - a scroll of silence {unknown}
 l - a scroll of enchant weapon {unknown}
 o - a scroll of fear {unknown}
 p - a scroll of vulnerability {unknown}
 r - 2 scrolls of enchant armour {unknown}
 t - a scroll of brand weapon {unknown}
 y - a scroll of acquirement {unknown}
 A - a scroll of torment {unknown}
Potions
 d - 3 potions of might
 g - a potion of brilliance {unknown}
 h - a potion of haste {unknown}
 j - 3 potions of curing {unknown}
 m - a potion of cancellation {unknown}
 n - 2 potions of attraction {unknown}
 q - a potion of degeneration {unknown}
 x - 2 potions of heal wounds {unknown}
 z - a potion of ambrosia {unknown}


   Skills:
 + Level 4.0 Fighting
 * Level 3.4 Staves
 + Level 4.0 Armour
 + Level 4.8 Shields


You had 4 spell levels left.
You didn't know any spells.
Your spell library was empty.

Dungeon Overview and Level Annotations

Branches:
Dungeon (4/15)
 Temple: D:4-7

Altars:
Ru


Innate Abilities, Weirdness & Mutations

You cannot be hasted, slowed, berserked, paralysed or teleported.
You can dig through walls and to a lower floor.
You have a pair of large antennae on your head. (SInv)
Your four strong arms can wield two-handed weapons with a shield.


Message History

You thump the orc!
You kill the orc!
You block the orc's attack. The orc hits you with a +0 dagger.
The orc attacks as you move away! You block the orc's attack.
The orc attacks as you move away! The orc barely misses you.
You sock the orc!
You kill the orc!
The orc closely misses you. You block the orc's attack.
You barely miss the orc. The orc hits you but does no damage.
You closely miss the orc. You block the orc's attack.
You hit the orc.
The orc is heavily wounded.
The orc hits you with a +0 dagger.
You thump the orc!
You kill the orc!
Things that are here:
a +0 dagger; a +0 leather armour; an orc corpse HP restored.
Found a spear.
An ogre comes into view. It is wielding a +0 giant club.
The ogre shouts!
You hit the ogre.
The ogre is lightly wounded.
The ogre barely misses you.
You hit the ogre.
The ogre is moderately wounded.
The ogre hits you with a +0 giant club.
You hit the ogre.
The ogre is moderately wounded.
The ogre hits you with a +0 giant club!!
You hit the ogre but do no damage.
The ogre is moderately wounded.
You barely miss the ogre.
The ogre is moderately wounded.
The ogre hits you with a +0 giant club!!
Ouch! That really hurt!
* * * LOW HITPOINT WARNING * * *
The ogre attacks as you move away! The ogre misses you.
The ogre attacks as you move away! The ogre hits you with a +0 giant club.
You die...

### ##.# .## ##
##..#..^..# #..
##........#
#...#....###..#
##......#..#...######
#......O#.......#...####
.......#@...........>..##
.......#.......##......##
............#####...#....
.......#.....##....##...#
.............##...####..#
.............#..#.# #..##
..#...............# #..#
##..............# #..#
...#..........## ..##


You could see an ogre.

Vanquished Creatures
  An orc wizard (D:4)
  3 adders
  A worm (D:2)
  3 orcs (D:4)
  5 ball pythons
  6 endoplasms
  2 giant cockroaches
  6 hobgoblins
  2 jackals (D:3)
  7 kobolds
  4 quokkas
  3 bats
  5 frilled lizards
  6 goblins
  4 rats
58 creatures vanquished.

Notes
Turn   | Place    | Note
-------+----------+-------------------------------------------
     0 | D:1      | Ivernyr the Formicid Fighter began the quest for the Orb.
     0 | D:1      | Reached XP level 1. HP: 18/18 MP: 1/1
     3 | D:1      | Noticed an electric eel
     4 | D:1      | Noticed an electric eel
    49 | D:1      | Reached XP level 2. HP: 21/24 MP: 2/2
   428 | D:1      | Reached XP level 3. HP: 29/29 MP: 3/3
   558 | D:2      | Found a faded altar of an unknown god.
   799 | D:2      | Found a sacrificial altar of Ru.
  1056 | D:2      | Reached XP level 4. HP: 37/37 MP: 4/4
  2254 | D:4      | Reached XP level 5. HP: 42/42 MP: 5/5
  2294 | D:4      | Noticed an ogre
  2303 | D:4      | HP: 2/42 [ogre/+0 giant club (23)]
  2305 | D:4      | Slain by an ogre

Illustrated notes

Levels and vault maps discovered:
D:1:      arrival_aquarium_b, layout_rooms, st_stairs_12, skrybe_limestone_x,
          chequers_serial_rivers_marsh, minmay_pentomino_q2
D:2:      minmay_general_purpose_star, layout_loops_ring,
          shapermc_ecumenical_altar_mp_ritualfount, basic_altar,
          dk_noncrumbling_4, minmay_misc_feat_hallway, grunt_ministairs_14,
          item_on_display_a
D:3:      layout_basic
D:4:      cheibrodos_helix_gallery, layout_cave_pools,
          hangedman_abyss_or_decor_lesser_grid, amethyst_killhole,
          uniq_blork_the_orc, uniq_edmund, uniq_natasha

Skill      XL: |  1  2  3  4 |
---------------+-------------+-----
Staves         | 3 |  3.4
Fighting       | 4 |  4.0
Armour         | 4 |  4.0
Shields        | |  4.8

Action                     |  1- 3 |  4- 6 || total
---------------------------+-------+-------++-------
  Melee: Quarterstaff      |    72 |    70 ||   142
 Armour: Scale mail        |    37 |    30 ||    67
  Dodge: Dodged            |    22 |    28 ||    50
  Block: Buckler           |    10 |    29 ||    39
